 Dungeon Crawl Stone Soup version 0.19-a0-1019-g9c6a58d (webtiles) character file.

172 Gagarin the Cudgeler (level 5, -1/57 HPs)
             Began as an Ogre Berserker on July 25, 2016.
             Was a Priest of Trog.
             Slain by an orc priest (3 damage)
             ... on level 2 of the Dungeon.
             The game lasted 00:04:18 (2761 turns).

Gagarin the Cudgeler (Ogre Berserker)               Turns: 2761, Time: 00:04:19

Health: -1/57      AC:  4    Str: 23    XL:     5   Next: 52%
Magic:  5/5        EV: 11    Int:  6    God:    Trog [***...]
Gold:   142        SH:  3    Dex:  9    Spells: 0 memorised, 4 levels left

rFire  . . .     SeeInvis .     a - +0 mace
rCold  + . .     Gourm    .     b - +0 animal skin
rNeg   . . .     Faith    .     (no shield)
rPois  .         Spirit   .     (helmet restricted)
rElec  .         Dismiss  .     (no cloak)
rCorr  .         Reflect  +     (gloves unavailable)
SustAt .         Harm     .     (boots unavailable)
MR     +....                    e - +3 amulet of reflection
Stlth  +.........               n - ring of protection from magic
                                i - ring of protection from cold

@: exhausted, slowed, very slow, somewhat resistant to hostile enchantments,
very unstealthy
A: unfitting armour, shaggy fur 1, tough skin 1
a: Berserk, Trog's Hand, Burn Spellbooks, Renounce Religion


You were on level 2 of the Dungeon.
You worshipped Trog.
Trog was most pleased with you.
You were very hungry.

You visited 1 branch of the dungeon, and saw 3 of its levels.

You collected 142 gold pieces.

Inventory:

Hand Weapons
 a - a +0 mace (weapon)
 h - a +2 whip of holy wrath
Missiles
 g - 99 stones (quivered)
Armour
 b - a +0 animal skin (worn)
Jewellery
 e - a +3 amulet of reflection (around neck)
 i - a ring of protection from cold (left hand)
 n - a ring of protection from magic (right hand)
Scrolls
 j - a scroll of fear {unknown}
 k - a scroll of teleportation {unknown}
 m - 2 scrolls of remove curse {unknown}
 o - a scroll of blinking {unknown}
 p - a scroll of recharging {unknown}
 q - a scroll of enchant armour {unknown}
Potions
 f - a potion of berserk rage
Comestibles
 c - 3 bread rations
 l - a meat ration


   Skills:
 + Level 5.0 Fighting
 + Level 5.0 Maces & Flails
 + Level 0.2 Throwing
 + Level 4.3 Dodging
 + Level 0.8 Stealth


You had 4 spell levels left.
You didn't know any spells.

Dungeon Overview and Level Annotations

Branches:
Dungeon (3/15)

Altars:
Ashenzari


Innate Abilities, Weirdness & Mutations

You are too large for most types of armour.
You have tough skin. (AC +1)
You are covered in fur. (AC +1)


Message History

The orc hits you.
* * * LOW HITPOINT WARNING * * *
The orc priest hits you.
* * * LOW HITPOINT WARNING * * *
The orc priest hits you.
* * * LOW HITPOINT WARNING * * *
The orc hits you.
* * * LOW HITPOINT WARNING * * *
There is a stone staircase leading up here.
The orc priest hits you but does no damage.
The orc barely misses you.
The orc priest hits you but does no damage.
The orc hits you.
* * * LOW HITPOINT WARNING * * *
You climb upwards.
There is a stone staircase leading down here.
It was a potion of beneficial mutation.
Fur sprouts all over your body.
You feel fantastic! The orc priest hits you.
You die...

.######.##.# #.#####.##.#
...........# #.#.###.##.#
.......>.#.#######
.....#.#.........#
######.#.#.#####.# # #.#.#.###
#o# # #.#.....# #@# #
#.#.#.#.###o####
######.#..###.......####
.........## ##.........#
###.....## ##..##.##.#
.......#.## ##.#.##.##.#
###.#.##.)###.##.##.##.##########
#.#.##...#.....................
#.#.#####..####...##.#####..###


You could see an orc priest and an orc.

Vanquished Creatures
  An orc wizard (D:3)
  8 adders
  2 worms (D:3)
  A dart slug (D:2)
  A giant gecko (D:3)
  2 orcs (D:3)
  3 giant cockroaches
  9 goblins
  9 hobgoblins
  10 kobolds
  A quokka (D:3)
  A ball python (D:3)
  10 bats
  2 giant newts
  4 rats
64 creatures vanquished.

Notes
Turn   | Place    | Note
-------+----------+-------------------------------------------
     0 | D:1      | Gagarin the Ogre Berserker began the quest for the Orb.
     0 | D:1      | Reached XP level 1. HP: 24/24 MP: 1/1
   227 | D:1      | Reached XP level 2. HP: 31/32 MP: 2/2
   541 | D:1      | Reached ** piety under Trog
   541 | D:1      | Reached XP level 3. HP: 23/40 MP: 3/3
  1051 | D:2      | Found a shattered altar of Ashenzari.
  1257 | D:2      | Reached XP level 4. HP: 44/49 MP: 4/4
  2335 | D:3      | Reached XP level 5. HP: 41/55 MP: 5/5
  2494 | D:3      | Reached *** piety under Trog
  2748 | D:3      | Reached skill level 5 in Fighting
  2748 | D:3      | Reached skill level 5 in Maces & Flails
  2759 | D:3      | HP: 2/57 [orc (2)]
  2761 | D:2      | Gained mutation: You are covered in fur. (AC +1) [potion of beneficial mutation]
  2761 | D:2      | Slain by an orc priest

Vault maps used:
D:1:      tarquinn_simple_flora_water_d, serial_glass, glass_columns_c,
          glass_columns_a, st_stairs_7
D:2:      nicolae_ashenzari_panopticon
D:3:      first_bread

Skill      XL: |  1  2  3  4  5 |
---------------+----------------+-----
Dodging        | 3 4 |  4.3
Fighting       | 5 |  5.0
Maces & Flails | 5 |  5.0
Throwing       | |  0.2
Stealth        | |  0.8

Action                   |  1- 3 |  4- 6 || total
-------------------------+-------+-------++-------
Melee: Mace              |   118 |   109 ||   227
Throw: Stone             |     2 |       ||     2
Invok: Berserk           |       |     2 ||     2
  Use: Potion            |       |     2 ||     2
 Stab: Sleeping          |     1 |       ||     1
  Eat: Chunk             |     1 |     6 ||     7
Armor: Animal skin       |    53 |    25 ||    78
Dodge: Dodged            |    81 |    76 ||   157
Block: Other             |    12 |    12 ||    24
